 Dungeon Crawl Stone Soup version 0.31.0-12-g77e489cdc1 (webtiles) character file.

Game seed: 2115741073845719991

84 Gogs the Chopper (level 4, -1/40 HPs)
             Began as a Hill Orc Fighter on Mar 7, 2024.
             Slain by Natasha (4 damage)
             ... on level 2 of the Dungeon.
             The game lasted 00:05:33 (1331 turns).

Gogs the Chopper (Hill Orc Fighter)                 Turns: 1331, Time: 00:05:34

Health: -1/40      AC:  7    Str: 20    XL:     4   Next: 46%
Magic:  4/4        EV:  9    Int:  8    God:
Gold:   37         SH:  4    Dex: 10    Spells: 3/3 levels left

rFire   . . .        a - +0 war axe
rCold   . . .        c - +0 buckler
rNeg    . . .        g - +0 scale mail
rPois   .            (no helmet)
rElec   .            (no cloak)
rCorr   .            (no gloves)
SInv    .            (no boots)
Will    .....        (no amulet) Stlth
                     (no ring)
HPRegen 0.26/turn    (no ring)
MPRegen 0.09/turn

%: no passive effects
@: mighty, slowed, very slow
A: no striking features
a: no special abilities


You were on level 2 of the Dungeon.
You visited 1 branch of the dungeon, and saw 2 of its levels.

You collected 37 gold pieces.

Inventory:

Hand Weapons
 a - a +0 war axe (weapon)
 b - a +0 mace
Missiles
 i - 24 stones (quivered)
Armour
 c - a +0 buckler (worn)
 g - a +0 scale mail (worn)
Scrolls
 h - a scroll of fear
 j - a scroll of torment {unknown}
 l - a scroll of amnesia {unknown}
Potions
 e - a potion of attraction
 f - a potion of berserk rage {unknown}
 k - a potion of haste {unknown}


   Skills:
 + Level 4.2 Fighting
 * Level 4.4 Axes
 + Level 3.8 Armour
 + Level 3.8 Shields


You had 3 spell levels left.
You didn't know any spells.
Your spell library contained the following spells:

 Spells                   Type           Power      Damage    Failure   Level
 Tukima's Dance           Hex            0%         N/A       99%         3
 Passage of Golubria      Tloc           0%         N/A       100%        4
 Yara's Violent Unravell  Hex/Alch       0%         3d3       100%        5


Dungeon Overview and Level Annotations

Branches:
Dungeon (2/15)

Altars:

Annotations:
D:2 Natasha


Message History

You feel yourself slow down.
You closely miss Natasha. Natasha claws you but does no damage.
Natasha closely misses you.
The gnoll hits you from afar with a +0 spear.
You barely miss Natasha. Natasha claws you but does no damage.
The gnoll hits you from afar with a +0 spear.
Natasha claws you but does no damage. You block the gnoll's attack.
Natasha mumbles some strange words.
You feel troubled. Natasha casts a spell at you. The magic dart hits you!
You barely miss Natasha.
The gnoll hits you from afar with a +0 spear.
You block Natasha's attack. The gnoll hits you but does no damage.
Natasha hisses.
Natasha claws you.
You hit Natasha.
Natasha is lightly wounded.
The gnoll closely misses you. You block Natasha's attack.
The gnoll hits you from afar with a +0 spear.
Natasha claws you.
You closely miss Natasha.
Natasha is lightly wounded.
The gnoll hits you from afar with a +0 spear!
* * * LOW HITPOINT WARNING * * *
Natasha claws you.
* * * LOW HITPOINT WARNING * * *
The gnoll hits you but does no damage.
You barely miss Natasha.
Natasha is lightly wounded.
Natasha claws you.
* * * LOW HITPOINT WARNING * * *
The gnoll barely misses you.
Natasha stares at you and mumbles some strange words.
You feel as though you will be slow longer.
The gnoll hits you but does no damage.
You feel very mighty all of a sudden. Natasha closely misses you.
The gnoll closely misses you. Natasha claws you.
You die...
Natasha curls up and begins to purr.

..# .# #...... ..###.#
..... ......# ... # #
......# ###.# .#.#
...##.### #...##...#
......... ..h...##.>#
....#.###############..#
#...........#######g.##..#
..))........'...@hg#.#
.#...
#...........########## #
### ............#
#...........#
#...........#
#...........#
#...........#
#...........#
#...........#


You could see Natasha and 2 gnolls.

Vanquished Creatures
  3 adders (D:2)
  4 dart slugs
  4 ball pythons
  2 endoplasms
  3 giant cockroaches
  4 goblins
  4 hobgoblins (D:1)
  3 jackals (D:2)
  2 quokkas (D:1)
  6 bats
  A frilled lizard (D:1)
  6 kobolds
  4 rats
46 creatures vanquished.

Notes
Turn   | Place    | Note
-------+----------+-------------------------------------------
     0 | D:1      | Gogs the Hill Orc Fighter began the quest for the Orb.
     0 | D:1      | Reached XP level 1. HP: 19/19 MP: 1/1
    76 | D:1      | Reached XP level 2. HP: 27/27 MP: 2/2
   463 | D:1      | Reached XP level 3. HP: 31/33 MP: 3/3
  1064 | D:2      | Reached XP level 4. HP: 26/40 MP: 4/4
  1315 | D:2      | Noticed Natasha
  1331 | D:2      | Slain by Natasha

Illustrated notes

Levels and vault maps discovered:
D:1:      beargit_arrival_greenhouse, layout_loops_ring
D:2:      layout_basic, basic_altar, st_stairs_7, uniq_natasha

Skill      XL: |  1  2  3 |
---------------+----------+-----
Axes           | 3 4 |  4.4
Fighting       | 4 |  4.2
Armour         | |  3.8
Shields        | |  3.8

Action                     |  1- 3 |  4- 6 || total
---------------------------+-------+-------++-------
  Melee: War axe           |   135 |    35 ||   170
    Use: Scroll            |     3 |       ||     3
         Potion            |       |     1 ||     1
 Armour: Scale mail        |    95 |    42 ||   137
  Dodge: Dodged            |    62 |    23 ||    85
  Block: Buckler           |    44 |     8 ||    52
